 Dungeon Crawl Stone Soup version 0.28.0-53-g5a82cb258f (webtiles) character file.

Game seed: 12919121204546258921

60 DoubleLucky the Skirmisher (level 3, -5/37 HPs)
             Began as a Troll Fighter on July 17, 2022.
             Slain by Sigmund
             ... wielding a +0 scythe
              (11 damage)
             ... on level 2 of the Dungeon.
             The game lasted 00:05:51 (1303 turns).

DoubleLucky the Skirmisher (Troll Fighter)          Turns: 1303, Time: 00:05:52

Health: -5/37      AC:  4    Str: 24    XL:     3   Next: 80%
Magic:  2/2        EV: 10    Int:  6    God:
Gold:   94         SH:  0    Dex:  9    Spells: 2/2 levels left

rFire   . . .      SeeInvis .     - Unarmed
rCold   . . .      Faith    .   (no shield)
rNeg    . . .      Spirit   .   a - +0 robe
rPois   .          Reflect  .   (helmet restricted)
rElec   .          Harm     .   (no cloak)
rCorr   .          Rampage  .   (gloves unavailable)
Will    .....                   (boots unavailable)
Stlth   +.........              (no amulet)
HPRegen 0.92/turn               (no ring)
MPRegen 0.08/turn               (no ring)

@: no status effects
A: large, unfitting armour, claws 3, regeneration 1, shaggy fur 1, tough skin 1
a: no special abilities


You were on level 2 of the Dungeon.
You visited 1 branch of the dungeon, and saw 2 of its levels.

You collected 94 gold pieces.

Inventory:

Missiles
 d - 71 stones (quivered)
Armour
 a - a +0 robe (worn)
 b - a +0 kite shield
Scrolls
 g - a scroll of brand weapon {unknown}
 i - a scroll of enchant armour {unknown}
Potions
 c - a potion of might
 e - a potion of lignification {unknown}
 f - a potion of cancellation {unknown}
 h - a potion of degeneration {unknown}


   Skills:
 + Level 3.2 Fighting
 - Level 2.4 Dodging
 - Level 2.4 Shields
 + Level 3.2 Unarmed Combat


You had 2 spell levels left.
You didn't know any spells.
Your spell library was empty.

Dungeon Overview and Level Annotations

Branches:
Dungeon (2/15)

Altars:

Annotations:
D:2 1 exclusion, Sigmund


Innate Abilities, Weirdness & Mutations

You are too large for most types of armour.
You have claws for hands.
Your natural rate of healing is unusually fast.
You are covered in fur. (AC +1)
You have tough skin. (AC +1)


Message History

You scratch the rat but do no damage. The rat bites you but does no damage.
You claw the rat!
You kill the rat!
d - 70 stones (gained 1)
d - 71 stones (gained 1);
i - a scroll labelled ASSUBR UNURIHI
d - 72 stones (gained 1)
You now have 94 gold pieces (gained 8).
A frilled lizard comes into view.
Throw: 72 stones
Press: ? - help, Q - select action Shift-Dir - straight line, f - frilled lizard
Aim: a frilled lizard (asleep, 98% to hit)
You throw a stone.
Sigmund shouts!
The stone hits the frilled lizard.
You kill the frilled lizard!
Found a scimitar.
Sigmund gestures at you while chanting. The magic dart hits you!
Found a scroll labelled WAB JIFAOFAM.
Found 25 sling bullets.
A hobgoblin comes into view.
Sigmund points at you and mumbles some strange words.
The puff of flame hits you.
Sigmund gestures wildly while chanting.
Sigmund flickers and vanishes!
Deactivating autopickup; reactivate with Ctrl-A.
You see here 25 sling bullets.
You start waiting.
You hear some strange, mumbled words.
A magic dart appears from out of thin air!
The magic dart hits you.
You closely miss something. Something hits you!!
Ouch! That really hurt!
You claw something! Something hits you!
* * * LOW HITPOINT WARNING * * *
You scratch something. You barely miss something.
Something completely misses you.
You completely miss something. You scratch something. Something hits you!
You die...

### ##############.#
...........##.#.#####
...♣.♣.......###@...#
....♣......(## ##{#.#
...........#.###.##
.........♣..#.#.##
......{..♣♣..#.##
.........?.....#
.................
..####........### .##
##........


There were no monsters in sight!

Vanquished Creatures
  An adder (D:2)
  4 ball pythons
  5 endoplasms
  3 giant cockroaches (D:1)
  7 goblins
  6 hobgoblins (D:1)
  A jackal (D:1)
  4 kobolds (D:1)
  5 bats
  A frilled lizard (D:2)
  7 rats
44 creatures vanquished.

Notes
Turn   | Place    | Note
-------+----------+-------------------------------------------
     0 | D:1      | DoubleLucky the Troll Fighter began the quest for the Orb.
     0 | D:1      | Reached XP level 1. HP: 22/22 MP: 0/0
    93 | D:1      | Reached XP level 2. HP: 28/29 MP: 1/1
   328 | D:1      | Reached XP level 3. HP: 35/37 MP: 2/2
   581 | D:1      | Found a faded altar of an unknown god.
  1008 | D:2      | Noticed Sigmund
  1303 | D:2      | Slain by Sigmund

Illustrated notes

Levels and vault maps discovered:
D:1:      dpeg_arrival_pits, layout_basic, shapermc_ecumenical_altar_hornbeckon,
          serial_rivers, chequers_serial_rivers_micro_d,
          chequers_serial_rivers_small_3, chequers_serial_rivers_room_b,
          chequers_serial_rivers_micro_c, chequers_serial_rivers_small_a,
          chequers_serial_rivers_micro_d, minmay_cut_off
D:2:      layout_loops_ring, kennysheep_decorative_pillar,
          minmay_split_cup_small, uniq_sigmund

Skill      XL: |  1  2  3 |
---------------+----------+-----
Fighting       | 3 |  3.2
Unarmed Combat | 3 |  3.2
Dodging        | |  2.4
Shields        | |  2.4

Action                   || total
-------------------------++-------
Melee: Unarmed           ||   128
       Punch             ||     2
Throw: Stone             ||     9
Armor: Robe              ||    30
Dodge: Dodged            ||    74
